 Dungeon Crawl Stone Soup version 0.30-a0-1018-g25214051b3 (webtiles) character file.

Game seed: 10155251966534864149

535 gelatine the Gusty (level 7, -1/51 HPs)
             Began as a Demonspawn Air Elementalist on Apr 7, 2023.
             Slain by a hornet (16 damage)
             ... while paralysed by a hornet
             ... on level 5 of the Dungeon.
             The game lasted 00:12:03 (5013 turns).

gelatine the Gusty (Demonspawn Air Elementalist)    Turns: 5013, Time: 00:12:04

Health: -1/51      AC:  2    Str:  9    XL:     7   Next: 4%
Magic:  5/10       EV:  2    Int: 22    God:
Gold:   267        SH:  0    Dex: 13    Spells: 6/12 levels left

rFire   . . .      SeeInvis .    s - +0 long sword
rCold   . . .      Faith    .    (no shield)
rNeg    . . .      Spirit   .    a - +0 robe
rPois   .          Reflect  .    (helmet restricted)
rElec   +          Rampage  .    (no cloak)
rCorr   .          Rage     3%   (no gloves)
Will    .....                    (no boots)
Stlth   ++                       y - amulet of regeneration
HPRegen 1.08/turn                c - ring "Lyl Yschi" {rElec Int+6}
MPRegen 0.12/turn                h - ring of flight

@: paralysed, lethally poisoned (-1 -> -6), flying
A: antennae 2, demonic guardian 1, weakness stinger 1, demonic touch 1, talons
1, large bone plates 1, berserk 1, dopey 1, low MP 1
a: no special abilities


You were on level 5 of the Dungeon.
You visited 2 branches of the dungeon, and saw 6 of its levels.

You collected 267 gold pieces.

Inventory:

Hand Weapons
 e - a +0 whip
 o - a +3 shortbow
 s - a +0 long sword (weapon)
 x - a +1 whip of freezing
Armour
 a - a +0 robe (worn)
Jewellery
 c - the ring "Lyl Yschi" (left hand) {rElec Int+6}
   (You found it on level 3 of the Dungeon)

   [ring of intelligence]

   Int:       It affects your intelligence (+6).
   rElec:     It insulates you from electricity.
 d - a ring of resist corrosion
 h - a ring of flight (right hand)
 u - an amulet of the acrobat
 y - an amulet of regeneration (around neck)
Wands
 t - a wand of polymorph (5)
Scrolls
 f - 3 scrolls of teleportation {unknown}
 i - a scroll of poison {unknown}
 m - a scroll of vulnerability {unknown}
 q - 7 scrolls of identify {unknown}
 v - a scroll of torment {unknown}
 w - a scroll of immolation {unknown}
 z - a scroll of enchant weapon {unknown}
Potions
 b - a potion of magic
 g - a potion of curing
 j - a potion of might {unknown}
 k - a potion of brilliance
 l - a potion of attraction
 n - a potion of flight
 p - a potion of berserk rage {unknown}
 r - a potion of lignification {unknown}


   Skills:
 * Level 2.5 Fighting
 + Level 0.7 Long Blades
 + Level 0.6 Maces & Flails
 * Level 2.4 Dodging
 + Level 2.1 Stealth
 + Level 3.2 Spellcasting
 * Level 3.3 Conjurations
 * Level 4.8 Air Magic


You had 6 spell levels left.
You knew the following spells:

 Your Spells              Type           Power      Damage    Failure   Level
a - Shock                 Conj/Air       84%        1d8       2%          1
b - Static Discharge      Conj/Air       42%        2-4/arc   3%          2
c - Swiftness             Air            24%        N/A       4%          3

Your spell library contained the following spells:

 Spells                   Type           Power      Damage    Failure   Level
 Slow                     Hex            12%        N/A       12%         1
 Airstrike                Air            12%        2d(2-18)  17%         4
 Confusing Touch          Hex            3%         N/A       36%         3
 Vampiric Draining        Necr           3%         2d6       36%         3


Dungeon Overview and Level Annotations

Branches:
Dungeon (5/15)             Temple (1/1) D:4

Altars:
Ashenzari
Kikubaaqudgha
Nemelex Xobeh
Qazlal
Ru
Trog
Uskayaw
Wu Jian
Xom
Yredelemnul


Innate Abilities, Weirdness & Mutations

You have a pair of antennae on your head.
A weak demonic guardian rushes to your aid.
You have a small tail.
Your touch may inflict minor irresistible damage on your foes.
You have sharp toenails.
You are partially covered in large bone plates. (SH +4)
You sometimes lose your temper in combat.
You are dopey. (Int -2)
Your magical capacity is low. (-10% MP)


Message History

You sense a monster nearby.
You reach down and open the door.
An iguana and a hornet come into view.
The iguana hisses angrily.
The hornet buzzes angrily.
The iguana moves out of view.
Found two robes.
The zap hits the hornet but does no damage.
The hornet stings you!
You feel yourself slow down.
Casting: Shock (safe; 2% risk of failure)
Confirm with . or Enter, or press ? or * to list all spells.
The hornet is struck by an arc of lightning.
The hornet is lightly wounded.
You resist.
You are struck by an arc of lightning.
The hornet is struck by an arc of lightning.
The hornet is moderately wounded.
You resist.
You are struck by an arc of lightning.
The hornet stings you.
You are poisoned.
You feel as though you will be slow longer.
An iguana comes into view.
The hornet barely misses you.
Casting: Static Discharge (safe; 3% risk of failure)
Confirm with . or Enter, or press ? or * to list all spells.
The hornet is struck by an arc of lightning.
The hornet is moderately wounded.
You resist.
You are struck by an arc of lightning.
The hornet is struck by an arc of lightning.
The hornet is heavily wounded.
You resist.
You are struck by an arc of lightning.
The iguana hisses angrily.
You feel very sick. The hornet barely misses you. The hornet stings you!
A demonic guardian appears!
You are more poisoned.
You suddenly lose the ability to move!
You feel very sick.
The hornet stings you but does no damage. x2
You feel yourself speed up.
You feel very sick. The hornet stings you!
You die...

# #########
.[## #.......#
#... #.♣.♣.♣.#
#....#.....).#
#...ly@5..))<#
#..[l#......)#
.....
#.♣.♣.♣.# ....
#.......# ..#
######### #


You could see a hornet (ally target), 2 iguanas and a friendly white imp
(summoned).

Vanquished Creatures
  2 centaurs (D:5)
  A scorpion (D:4)
  Jessica (D:2)
  Terence (D:3)
  Ijyb (D:2)
  An iguana (D:4)
  2 orc wizards (D:4)
  3 adders
  An ufetubus (D:4)
  4 worms
  12 orcs
  8 ball pythons
  15 endoplasms
  3 goblins
  6 hobgoblins
  2 jackals (D:2)
  3 quokkas
  7 bats
  4 frilled lizards
  10 kobolds
  6 rats
93 creatures vanquished.

Vanquished Creatures (collateral kills)
  An orc wizard (D:4)
1 creature vanquished.

Grand Total: 94 creatures vanquished

Notes
Turn   | Place    | Note
-------+----------+-------------------------------------------
     0 | D:1      | gelatine the Demonspawn Air Elementalist began the quest
                  | for the Orb.
     0 | D:1      | Reached XP level 1. HP: 13/13 MP: 3/3
   181 | D:1      | Reached skill level 3 in Air Magic
   330 | D:1      | Gained mutation: A weak demonic guardian rushes to your
                  | aid. [demonic ancestry]
   330 | D:1      | Reached XP level 2. HP: 19/19 MP: 3/5
  1055 | D:1      | Learned a level 2 spell: Static Discharge
  1295 | D:2      | Discovered your monstrous ancestry.
  1295 | D:2      | Gained mutation: You have a small tail. [demonic ancestry]
  1295 | D:2      | Reached XP level 3. HP: 24/24 MP: 2/6
  1376 | D:2      | Noticed Jessica
  1433 | D:2      | Killed Jessica
  2054 | D:2      | Reached XP level 4. HP: 30/30 MP: 4/7
  2717 | D:2      | Learned a level 3 spell: Swiftness
  2857 | D:3      | Noticed Ijyb
  2935 | D:2      | Killed Ijyb
  2936 | D:2      | Reached skill level 1 in Fighting
  3267 | D:3      | Noticed Terence
  3278 | D:3      | Gained mutation: You are agile. (Dex +4, Str/Int -1)
                  | [potion of mutation]
  3278 | D:3      | Gained mutation: You occasionally lose the ability to read
                  | scrolls when taking damage. [potion of mutation]
  3278 | D:3      | Gained mutation: You are partially covered in iridescent
                  | scales. (AC +2) [potion of mutation]
  3281 | D:3      | Killed Terence
  3282 | D:3      | Reached skill level 4 in Air Magic
  3282 | D:3      | Gained mutation: You have a pair of small antennae on your
                  | head. [demonic ancestry]
  3282 | D:3      | Reached XP level 5. HP: 3/37 MP: 0/9
  3283 | D:3      | Lost mutation: You are partially covered in iridescent
                  | scales. (AC +2) [potion of mutation]
  3283 | D:3      | Lost mutation: You are agile. (Dex +4, Str/Int -1) [potion
                  | of mutation]
  3283 | D:3      | Lost mutation: You occasionally lose the ability to read
                  | scrolls when taking damage. [potion of mutation]
  3283 | D:3      | Gained mutation: You occasionally lose the ability to drink
                  | potions when taking damage. [potion of mutation]
  3284 | D:3      | Lost mutation: You occasionally lose the ability to drink
                  | potions when taking damage. [potion of mutation]
  3284 | D:3      | Gained mutation: You sometimes lose your temper in combat.
                  | [potion of mutation]
  3284 | D:3      | Gained mutation: You are partially covered in large bone
                  | plates. (SH +4) [potion of mutation]
  3284 | D:3      | Gained mutation: You have hidden genetic defects. [potion
                  | of mutation]
  3284 | D:3      | Gained mutation: You have sharp toenails. [potion of
                  | mutation]
  3498 | D:3      | Identified the ring "Lyl Yschi" {rElec Int+6}
  3590 | D:3      | Found a faded altar of an unknown god.
  3942 | D:4      | Found a staircase to the Ecumenical Temple.
  4026 | D:4      | Gained mutation: You are dopey. (Int -2) [hidden defects]
  4182 | D:4      | Gained mutation: Your touch may inflict minor irresistible
                  | damage on your foes. [demonic ancestry]
  4182 | D:4      | Reached XP level 6. HP: 44/44 MP: 2/10
  4184 | D:4      | Gained mutation: Your magical capacity is low. (-10% MP)
                  | [hidden defects]
  4184 | D:4      | Lost mutation: You have hidden genetic defects. [hidden
                  | defects expressed]
  4736 | Temple   | Entered the Ecumenical Temple
  4924 | D:5      | Entered Level 5 of the Dungeon
  4930 | D:5      | HP: 2/44 [centaur/arrow (13)]
  4938 | D:5      | Gained mutation: You have a pair of antennae on your head.
                  | [demonic ancestry]
  4938 | D:5      | Reached XP level 7. HP: 17/51 MP: 2/10
  5008 | D:5      | Noticed a hornet
  5011 | D:5      | Paralysed by a hornet for 3 turns
  5013 | D:5      | Slain by a hornet

Illustrated notes

Levels and vault maps discovered:
D:1:      lightli_arrival_maybe_door_vault, layout_loops_ring
D:2:      layout_loops_ring, serial_co_window_serial, co_window_corner_a,
          co_window_corner_a, co_window_cross_1, co_window_of_opportunity_a,
          co_window_paths_a, co_window_of_opportunity_a, co_window_paths_b,
          co_window_corner_b, co_window_of_opportunity_b, co_window_paths_c,
          co_window_broadway_c, co_window_corner_b, co_window_paths_e,
          co_window_sun, glass_columns_b, glass_columns_b, glass_columns_b,
          chequers_serial_rivers_micro_c, uniq_jessica
D:3:      layout_loops_cross, chequers_ecumenical_altar_island, uniq_ijyb,
          uniq_terence
D:4:      layout_rooms, minmay_temple_entry_large_hall
D:5:      layout_loops_cross, mainiacjoe_overflow_paths,
          gammafunk_temple_overflow_elements, grunt_ministairs_3
Temple:   hellmonk_temple_forest_ring

Skill      XL: |  1  2  3  4  5  6 |
---------------+-------------------+-----
Air Magic      | 3 4 |  4.8
Dodging        | 2 |  2.4
Stealth        | 2 |  2.1
Fighting       | 1 2 |  2.5
Conjurations   | 2 3 |  3.3
Spellcasting   | 3 |  3.2
Long Blades    | |  0.7
Maces & Flails | |  0.6

Action                     |  1- 3 |  4- 6 |  7- 9 || total
---------------------------+-------+-------+-------++-------
  Melee: Whip              |    21 |     8 |       ||    29
         Tailslap          |     1 |     9 |       ||    10
         Long sword        |       |    32 |       ||    32
         Unarmed           |       |     6 |       ||     6
         Kick              |       |     5 |       ||     5
         Touch             |       |     2 |       ||     2
         Punch             |       |     1 |       ||     1
   Cast: Shock             |    66 |   105 |     1 ||   172
         Static Discharge  |       |    15 |     2 ||    17
         Swiftness         |       |     1 |       ||     1
    Use: Potion            |       |     9 |       ||     9
   Stab: Distracted        |     1 |       |       ||     1
 Armour: Robe              |     6 |     9 |     2 ||    17
         Skin              |       |     1 |       ||     1
  Dodge: Dodged            |    17 |    54 |     2 ||    73
  Block: Other             |       |     6 |       ||     6

Table legend: (Time is in decaauts)
 A = Elapsed time spent in this place.
 B = Non-inter-level travel time spent in this place.
 C = Inter-level travel time spent in this place.
 D = Time resting spent in this place.
 E = Time spent auto-exploring this place.
 F = Levels seen in this place.
 G = Mean time per level.
                   A        B        C        D        E       F      G
               +--------+--------+--------+--------+--------+-----+--------+
         Total |   5026 |   4879 |    147 |      0 |   4230 |   6 |  837.7 |
       Dungeon |   4848 |   4742 |    106 |      0 |   4104 |   5 |  969.6 |
        Temple |    177 |    136 |     41 |      0 |    126 |   1 |  177.0 |
               +--------+--------+--------+--------+--------+-----+--------+

Top non-repeatable levels by time:
     D:2: 1812 daAuts
     D:3: 1104 daAuts
     D:1: 1069 daAuts
     D:4: 769 daAuts
  Temple: 177 daAuts
     D:5: 92 daAuts
